 Dungeon Crawl Stone Soup version 0.31.0-12-g77e489cdc1 (webtiles) character file.

Game seed: 3598737019819147043

21 spaghetti the Insei (level 2, -1/1 HPs)
             Began as a Tengu Chaos Knight on Mar 1, 2024.
             Was a Plaything of Xom.
             Slain by a goblin
             ... wielding a +0 club
             ... led by Robin
              (2 damage)
             ... on level 2 of the Dungeon.
             The game lasted 00:01:00 (627 turns).

spaghetti the Insei (Tengu Chaos Knight)             Turns: 627, Time: 00:01:00

Health: -1/1       AC:  2    Str: 12    XL:     2   Next: 87%
Magic:  3/3        EV: 11    Int: 12    God:    Xom [.*....]
Gold:   38         SH:  0    Dex: 13    Spells: 1/1 levels left

rFire   . .          .
                       - Unarmed
rCold   . . .        (shield currently unavailable)
rNeg    . . .        a - +2 leather armour
rPois   .            (helmet restricted)
rElec   .            (no cloak)
rCorr   .            (gloves currently unavailable)
SInv    .            (boots unavailable)
Will    .....        (no amulet)
Stlth   +            (no ring)
HPRegen 0.20/turn    (no ring)
MPRegen 0.08/turn

%: acrobat
@: brilliant, blade hands, hasted, very quick
A: reduced hp, beak, talons 3, acrobatic
a: Begin Untransformation, Renounce Religion


You were on level 2 of the Dungeon.
You worshipped Xom.
You were a plaything of Xom.
You had blades for hands.
You visited 1 branch of the dungeon, and saw 2 of its levels.

You collected 38 gold pieces.

Inventory:

Armour
 a - a +2 leather armour (worn)
Jewellery
 g - a ring of protection from cold
Talismans
 j - a blade talisman (active)
Scrolls
 b - a scroll of butterflies
 d - a scroll of immolation {unknown}
 h - a scroll of teleportation {unknown}
 i - a scroll of identify {unknown}


   Skills:
 - Level 3.0 Fighting
 - Level 2.1 Armour
 - Level 1.1 Dodging
 + Level 4.4 Unarmed Combat
 + Level 0.1 Shapeshifting


You had one spell level left.
You didn't know any spells.
Your spell library contained the following spells:

 Spells                   Type           Power      Damage    Failure   Level
 Freeze                   Ice            0%         1d3       38%         1
 Magic Dart               Conj           0%         1d3       38%         1
 Searing Ray              Conj           0%         2d4       54%         2
 Frozen Ramparts          Ice            0%         1d1       77%         3
 Hailstorm                Conj/Ice       0%         3d5       77%         3
 Fulminant Prism          Conj/Alch      0%         3d5       99%         4


Dungeon Overview and Level Annotations

Branches:
Dungeon (2/15)

Altars:

Annotations:
D:2 Robin


Innate Abilities, Weirdness & Mutations

You have blades for hands.
Your maximum health is decreased, since you lack skill for your form.
You are incapable of wielding weapons or throwing items.
You have a beak for a mouth.
You have claws for feet.
You can magically evade attacks while moving or waiting.


Message History

The goblins go into a battle-frenzy!
The goblin barely misses you.
You punch the goblin!
You kill the goblin!
You barely miss the goblin. Your kick misses the goblin.
You peck the goblin, but do no damage. Your punch misses the goblin.
Xom smiles on you.
You feel yourself speed up.
You are now a plaything of Xom.
The goblin hits you but does no damage. The goblin barely misses you.
Robin throws the goblin at you!
You hit the goblin but do no damage. Your kick misses the goblin.
Your punch misses the goblin. The goblin barely misses you. x2
The goblin hits you with a +0 club. Robin throws the goblin at you!
The goblin hits you with a +1 dagger of holy wrath.
The goblin barely misses you. Robin throws the goblin at you!
The goblin completely misses you. The goblin attacks as it pursues you!
The goblin closely misses you. The goblin attacks as it pursues you!
The goblin completely misses you. The goblin misses you.
The goblin attacks as it pursues you! The goblin barely misses you.
You aren't carrying any potions.
A goblin is nearby!
Okay, then.
A goblin is nearby!
You begin transforming.
You continue transforming. x2
The goblin hits you but does no damage.
You continue transforming.
Your hands turn into razor-sharp scythe blades.
HP restored.
Unknown command.
Unknown command.
You barely miss the goblin. Your kick misses the goblin.
The goblin hits you but does no damage.
You miss the goblin. Your peck misses the goblin. You hit the goblin.
The goblin is heavily wounded.
The goblin hits you with a +0 club.
Ouch! That really hurt!
You die... ..###........g. gg.....

...#........g#.
!....##
.>.........).##
g...##
#.........Sg.#
#......g)g..#
#.........#.#
...#..<.....#
........S########.#
.#.....gggg@......#
##################


You could see 4 goblins and a ball python.

Vanquished Creatures
  A dart slug (D:1)
  An endoplasm (D:1)
  2 giant cockroaches (D:1)
  5 goblins
  2 hobgoblins (D:1)
  3 ball pythons (D:1)
  A bat (D:1)
  2 frilled lizards (D:1)
  A rat (D:1)
18 creatures vanquished.

Notes
Turn   | Place    | Note
-------+----------+-------------------------------------------
     0 | D:1      | spaghetti the Tengu Chaos Knight began the quest for the
                  | Orb.
     0 | D:1      | Reached XP level 1. HP: 14/14 MP: 2/2
   113 | D:1      | Reached XP level 2. HP: 15/19 MP: 3/3
   235 | D:1      | Reached skill level 4 in Unarmed Combat
   255 | D:1      | XOM: divination: magic mapping
   576 | D:2      | Noticed Robin
   612 | D:2      | XOM: potion effect (haste)
   627 | D:2      | Slain by a goblin

Illustrated notes

Levels and vault maps discovered:
D:1:      dpeg_arrival_round_a, layout_rooms, nicolae_titane
D:2:      layout_loops_ring, uniq_robin

Skill      XL: |  1  2 |
---------------+-------+-----
Unarmed Combat | 4 |  4.4
Fighting       | |  3.0
Armour         | |  2.1
Dodging        | |  1.1
Shapeshifting  | |  0.1

Action                     || total
---------------------------++-------
  Melee: Unarmed           ||    48
         Peck              ||     7
         Kick              ||     6
    Use: Potion            ||     3
   Stab: Sleeping          ||     1
 Armour: Leather armour    ||    21
  Dodge: Dodged            ||    33
   Form: Blade             ||     1
